 Dungeon Crawl Stone Soup version 0.27.1 (console) character file.

Game seed: 15066304155057327687

13 Banquo the Insei (level 2, 0/22 HPs)
             Began as a Djinni Transmuter on Sept 1, 2021.
             Hit by a stone thrown by a hobgoblin (3 damage)
             ... on level 1 of the Dungeon.
             The game lasted 00:03:12 (922 turns).

Banquo the Insei (Djinni Transmuter)                 Turns: 922, Time: 00:03:13

Health: 0/22       AC:  2    Str:  9    XL:     2   Next: 50%
Gold:   20         EV: 12    Int: 14    God:
                   SH:  0    Dex: 13

rFire    + + .     SeeInvis .     - Unarmed
rCold    x . .     Faith    .   (no shield)
rNeg     . . .     Spirit   .   a - +0 robe
rPois    ∞         Reflect  .   (no helmet)
rElec    .         Harm     .   (no cloak)
rCorr    .         Rampage  .   (no gloves)
Will     .....                  (boots unavailable)
Stlth    +.........             (no amulet)
HPRegen  0.07/turn              (no ring)
MPRegen  0.00/turn              (no ring)

@: flying
A: sickness immunity, fire resistance 2, cold vulnerability 1, float, innate
caster, hp casting, extra vitality 1
a: no special abilities


You were on level 1 of the Dungeon.
You visited 1 branch of the dungeon, and saw 1 of its levels.

You collected 20 gold pieces.

Inventory:

Missiles
 b - 36 stones
Armour
 a - a +0 robe (worn)
Scrolls
 c - a scroll of immolation {unknown}
 e - 2 scrolls of identify {unknown}
Potions
 d - a potion of might {unknown}


   Skills:
 * Level 1.1 Fighting
 - Level 2.1 Dodging
 * Level 3.6 Unarmed Combat
 + Level 1.6 Spellcasting


You couldn't memorise any spells.
You knew the following spells:

 Your Spells              Type           Power      Damage    Failure   Level
a - Beastly Appendage     Tmut           10%        N/A       13%         1
b - Wereblood             Tmut           5%         N/A       19%         2
s - Spider Form           Tmut/Pois      2%         N/A       36%         3
Y - Ice Form              Ice/Tmut       5%         N/A       77%         4
Your spell library was empty.

Dungeon Overview and Level Annotations

Branches:
Dungeon (1/15)

Altars:


Innate Abilities, Weirdness & Mutations

You are immune to sickness and miasma.
You are immune to poison.
Your flesh is very heat resistant. (rF++)
You are vulnerable to cold. (rC-)
You float through the air rather than walking.
You learn spells naturally, not from books.
Your magical power is your life essence.
You have superior vitality. (+4 HP)


Message History

The hobgoblin shouts!
The hobgoblin throws a stone.
The stone hits you.
Things that are here:
a +0 club; a kobold corpse
Casting: Beastly Appendage (safe; 13% risk of failure)
Confirm with . or Enter, or press ? or * to list all spells.
You miscast Beastly Appendage.
You are very lightly contaminated with residual magic.
Nothing appears to happen.
Casting: Beastly Appendage (safe; 13% risk of failure)
Confirm with . or Enter, or press ? or * to list all spells.
You grow a pair of large bovine horns.
The kobold hits you with a +0 dagger.
You hit the kobold. Your headbutt misses the kobold.
The kobold is severely wounded.
Your transformation is almost over.
The kobold misses you.
You closely miss the kobold. Your punch misses the kobold.
The kobold is severely wounded.
You barely miss the kobold. Your headbutt misses the kobold.
The kobold is severely wounded.
The kobold hits you with a +0 dagger.
You closely miss the kobold.
The kobold is severely wounded.
The kobold hits you with a +0 dagger.
You barely miss the kobold. You headbutt the kobold.
You kill the kobold!
Your magical contamination has completely faded away.
You hit the hobgoblin but do no damage. The hobgoblin closely misses you.
You closely miss the hobgoblin. The hobgoblin closely misses you.
You closely miss the hobgoblin. The hobgoblin hits you.
You barely miss the hobgoblin. The hobgoblin hits you.
You completely miss the hobgoblin. The hobgoblin hits you.
* * * LOW HITPOINT WARNING * * *
You hit the hobgoblin.
The hobgoblin is heavily wounded.
Your horns disappear.
The hobgoblin misses you.
The hobgoblin throws a stone.
The stone hits you.
You die...

...#.#..## ###........>....
.........###.......########
[..#.##.......#.##.#
.................#.####
##............#..#..).##
#..............#..###).#
#..............#.g.###.#
#..............#.#.....#
#..............#@#######
#..............#.....#
##................#..#
).............†..## .#
####..####........# .. #..#
#.....#..# .. #..#
#######..# . ####.## #....
.....# ##


You could see a hobgoblin.

Vanquished Creatures
  A ball python (D:1)
  An endoplasm (D:1)
  2 giant cockroaches (D:1)
  A goblin (D:1)
  A jackal (D:1)
  3 kobolds (D:1)
  A quokka (D:1)
  A rat (D:1)
11 creatures vanquished.

Notes
Turn   | Place    | Note
-------+----------+-------------------------------------------
     0 | D:1      | Banquo the Djinni Transmuter began the quest for the Orb.
     0 | D:1      | Reached XP level 1. HP: 17/17 MP: 0/0
   512 | D:1      | Reached XP level 2. HP: 20/22 MP: 0/0
   922 | D:1      | Hit by a stone thrown by a hobgoblin

Illustrated notes

Levels and vault maps discovered:
D:1:      dpeg_arrival_brainrot, layout_rooms

Action                   || total
-------------------------++-------
Melee: Unarmed           ||    63
       Headbutt          ||     5
 Cast: Beastly Appendage ||    11
Armor: Robe              ||    10
Dodge: Dodged            ||    30
